 Dungeon Crawl Stone Soup version 0.23.1 (webtiles) character file.

Game seed: 6949690783926063757

44 Borgoz the Skirmisher (level 3, -3/31 HPs)
             Began as a Ghoul Monk on Mar 18, 2019.
             Killed from afar by a goblin (22 damage)
             ... with an exploding inner flame
             ... led by Robin
             ... hexed by the player character
             ... on level 2 of the Dungeon.
             The game lasted 00:01:55 (1239 turns).

Borgoz the Skirmisher (Ghoul Monk)                  Turns: 1239, Time: 00:01:56

Health: -3/31      AC:  5    Str: 14    XL:     3   Next: 60%
Magic:  2/2        EV: 11    Int:  6    God:
Gold:   89         SH:  0    Dex: 11    Spells: 2/2 levels left

rFire    . . .     SeeInvis .   a - +0 short sword
rCold    + . .     Gourm    .   (no shield)
rNeg     + + +     Faith    .   g - +0 ring mail
rPois    ∞         Spirit   .   (no helmet)
rElec    .         Reflect  .   (no cloak)
rCorr    .         Harm     .   (no gloves)
MR       +....                  (no boots)
Stlth    +.........             (no amulet)
HPRegen  0.00/turn              e - ring of protection from magic
MPRegen  0.08/turn              (no ring)

@: rotting
A: rotting body, claws 1, carnivore, cold resistance 1, negative energy
resistance 3, inhibited regeneration, torment resistance, unbreathing
a: no special abilities


You were on level 2 of the Dungeon.
You were not hungry.

You visited 1 branch of the dungeon, and saw 2 of its levels.

You collected 89 gold pieces.

Inventory:

Hand Weapons
 a - a +0 short sword (weapon)
Armour
 b - a +0 robe
 g - a +0 ring mail (worn)
Jewellery
 e - a ring of protection from magic (left claw)
Scrolls
 f - a scroll of fog
 h - a scroll of immolation
Potions
 i - 2 potions of cancellation {unknown}
 k - a potion of curing
Comestibles
 c - 2 rations


   Skills:
 + Level 3.5 Fighting
 * Level 3.1 Short Blades
 * Level 1.1 Armour
 * Level 3.1 Dodging
 + Level 2.5 Stealth


You had 2 spell levels left.
You didn't know any spells.
Your spell library was empty.

Dungeon Overview and Level Annotations

Branches:
Dungeon (2/15)

Altars:

Annotations:
D:2 Robin


Innate Abilities, Weirdness & Mutations

Your body is rotting away.
You thrive on raw meat.
You are immune to poison.
You have sharp fingernails.
You are carnivorous and can eat meat at any time.
Your flesh is cold resistant. (rC+)
You are immune to negative energy. (rN+++)
You do not regenerate when monsters are visible.
You are immune to unholy pain and torment.
You can survive without breathing.


Message History

You hit the goblin.
You kill the goblin!
The goblin hits you but does no damage.
Unknown command.
As you read the scroll labeled TOYKIRE FURO, it crumbles to dust.
You feel aware of your surroundings.
You sensed 1 altar.
It was a scroll of magic mapping.
The goblin hits you with a +0 dagger. The goblin misses you.
As you read the scroll labeled GISTEGH YNACIPH, it crumbles to dust.
The creatures around you are filled with an inner flame!
It was a scroll of immolation.
The goblin barely misses you. x2
As you read the scroll labeled VAPTOI WYTA, it crumbles to dust.
It is a scroll of identify.
k - a potion of curing The goblin hits you with a +0 dagger.
The goblin hits you but does no damage.
You hit the goblin.
The goblin explodes!
The fiery explosion engulfs you!!
Ouch! That really hurt!
You die...

+,,,,,,,,,,,,,,,,,,,,,,,,,,,,,,,,
**,,,,,,,*,,,,,,***,##,,,***,,,,,
**,,,,,,,*,,,,,,+,,..#,,,* ***,**
***,,,,,,*,,,,,,***..*,,,* *,,, *
****......[...,,..,*,,,*****,,*
******....K..gg###g*,*,,,,,,,,,,,
,,,,,........g.#gg,,,,,*,********
*****#........g#g#,*,,,*,****,,,,
#.........#@#,*,,,*,,**,,,,,
#........g#)#,*,*,,,**,,,,,,
#.........#K#,*.#,***,,,,,,,
#.......((gg#+#.#,**,,,,,,,,
#.....†.($(.....#,*,,,,,,,,,
*######.........#>*,,,,,,,,,
#.........#**,,,,,,,,,
#[........# *,,,,,,,,*
####.........# *,,,,,,,,*


You could see Robin (inner flame), 5 goblins and a kobold (inner flame).

Vanquished Creatures
  An adder (D:2)
  2 leopard geckos (D:1)
  2 bats
  2 giant cockroaches (D:1)
  8 goblins
  4 hobgoblins (D:1)
  3 jackals (D:1)
  A quokka (D:2)
  A frilled lizard (D:1)
  4 rats
28 creatures vanquished.

Notes
Turn   | Place    | Note
-------+----------+-------------------------------------------
     0 | D:1      | Borgoz the Ghoul Monk began the quest for the Orb.
     0 | D:1      | Reached XP level 1. HP: 19/19 MP: 0/0
   229 | D:1      | Reached XP level 2. HP: 14/26 MP: 1/1
   629 | D:1      | Reached XP level 3. HP: 22/31 MP: 2/2
  1068 | D:2      | Reached skill level 1 in Armour
  1232 | D:2      | Noticed Robin
  1239 | D:2      | Killed from afar by a goblin

Skill      XL: |  1  2  3 |
---------------+----------+-----
Short Blades   | 3 |  3.1
Dodging        | 3 |  3.1
Armour         | 1 |  1.1
Fighting       | |  3.5
Stealth        | |  2.5

Action                   || total
-------------------------++-------
Melee: Short sword       ||   110
  Use: Scroll            ||     4
 Stab: Sleeping          ||     1
  Eat: Chunk             ||     4
Armor: Robe              ||     4
       Ring mail         ||    30
Dodge: Dodged            ||    70
